 Dungeon Crawl Stone Soup version 0.17-a0-2208-ge5ab1d3 (webtiles) character file.

425 tp1 the Conjurer (level 6, -7/32 HPs)
             Began as a Deep Elf Conjurer on Oct 26, 2015.
             Mangled by Duvessa
             ... wielding a +0 short sword of speed
              (16 damage)
             ... on level 5 of the Dungeon.
             The game lasted 00:22:30 (4704 turns).

tp1 the Conjurer (Deep Elf Conjurer)                Turns: 4704, Time: 00:22:31

Health: -7/32      AC:  3    Str:  5    XL:     6   Next: 64%
Magic:  0/17       EV: 13    Int: 24    God:
Gold:   295        SH:  0    Dex: 15    Spells: 4 memorised, 6 levels left

rFire  . . .     SeeInvis .     f - +2 dagger
rCold  . . .     Clarity  .     a - +0 robe
rNeg   . . .     SustAt   .     (no shield)
rPois  .         Gourm    .     (no helmet)
rElec  .         Spirit   .     (no cloak)
rCorr  .         Warding  .     y - +0 pair of gloves
rMut   .         Stasis   .     (no boots)
MR     .....                    (no amulet)
Stlth  ++........               r - ring of flight
                                q - +2 ring of intelligence

@: not resistant to hostile enchantments, unstealthy
A: no striking features
a: Evoke Flight


You were on level 5 of the Dungeon.
You were not hungry.

You visited 1 branch of the dungeon, and saw 5 of its levels.

You collected 295 gold pieces.

Inventory:

Hand Weapons
 f - a +2 dagger (weapon)
Armour
 a - a +0 robe (worn)
 m - a +0 leather armour
 y - a +0 pair of gloves (worn)
 D - a +0 leather armour
Jewellery
 g - an uncursed ring of poison resistance {unknown}
 q - a +2 ring of intelligence (left hand)
 r - a ring of flight (right hand)
 v - an uncursed amulet of rage {unknown}
Wands
 A - a wand of fire (4)
 E - a wand of confusion (30)
Scrolls
 i - a scroll of enchant armour
 j - a scroll of blinking
 k - a scroll of teleportation
 o - a scroll of amnesia
 s - 2 scrolls of random uselessness
 t - a scroll of recharging
 u - 2 scrolls of magic mapping {unknown}
 w - 2 scrolls of fog
 z - a scroll of fear {unknown}
 F - a scroll of vulnerability {unknown}
Potions
 d - 3 potions of heal wounds {unknown}
 e - 3 potions of might {unknown}
 l - a potion of curing {unknown}
 n - a potion of poison {unknown}
 x - a potion of agility {unknown}
 B - a potion of degeneration {unknown}
 C - a potion of cancellation {unknown}
Books
 b - a book of Conjurations

   Spells                             Type                      Level
   a - Magic Dart                     Conjuration                  1
   b - Searing Ray                    Conjuration                  2
   c - Dazzling Spray                 Conjuration/Hexes            3
   d - Fulminant Prism                Conjuration/Hexes            4
   e - Iskenderun's Mystic Blast      Conjuration                  4
   f - Iskenderun's Battlesphere      Conjuration/Charms           5
 p - a book of Unlife

   Spells                             Type                      Level
   a - Recall                         Summoning/Translocation      3
   b - Animate Dead                   Necromancy                   4
   c - Control Undead                 Necromancy                   4
   d - Cigotuvi's Embrace             Necromancy                   5
   e - Death Channel                  Necromancy                   6
   f - Simulacrum                     Ice/Necromancy               6
Comestibles
 c - 4 bread rations
 h - 3 meat rations


   Skills:
 - Level 2.4 Dodging
 - Level 2.4 Stealth
 - Level 6.0 Spellcasting
 - Level 6.1 Conjurations
 + Level 5.7 Charms


You had 6 spell levels left.
You knew the following spells:

 Your Spells              Type           Power        Failure   Level  Hunger
a - Magic Dart            Conj           ####         1%          1    None
b - Searing Ray           Conj           #####.       1%          2    None
c - Dazzling Spray        Conj/Hex       ###.....     10%         3    #......
d - Iskenderun's Battles  Conj/Chrm      #####...     24%         5    #####..


Dungeon Overview and Level Annotations

Branches:
Dungeon (5/15)
 Temple: D:4-7

Altars:
Qazlal

Shops:
D:5 *

Annotations:
D:4 1 exclusion
D:5 Duvessa


Message History

Casting: Magic Dart
Confirm with . or Enter, or press ? or * to list all spells.
Aiming: Searing Ray
Press: ? - help, Shift-Dir - straight line, f/p - Duvessa
Aim: Duvessa, wielding a short sword of speed (severely wounded, berserk, fast, unusually strong)
The searing ray hits Duvessa.
Duvessa is severely wounded.
Duvessa closely misses you.
The searing ray hits Duvessa.
Duvessa is almost dead.
Duvessa closely misses you.
Duvessa hits you with a short sword of speed.
The searing ray misses Duvessa.
Duvessa closely misses you.
Duvessa hits you with a short sword of speed!
* * * LOW HITPOINT WARNING * * *
The searing ray hits Duvessa.
Duvessa is almost dead.
Duvessa hits you with a short sword of speed!
Ouch! That really hurt!
You die...

##...##.##.#
.......##.##.###
######.........#
#.##.####.#
#.##......#
#.#.......#
#.#.####..######..
#.###...........
#.##..#.@e......
#>##......).....
#.......#####...
####.#### .. #.# .
#.# #.# #.# ..#


You could see Duvessa (berserk).

Vanquished Creatures
  An ogre (D:4)
  Dowan (D:5)
  A scorpion (D:5)
  Natasha (twice) (D:4)
  An iguana (D:4)
  3 worker ants (D:4)
  5 adders
  An ooze (D:1)
  3 worms (D:2)
  3 giant geckos
  2 orcs (D:3)
  4 ball pythons
  6 bats
  3 giant cockroaches
  10 hobgoblins
  9 kobolds
  4 giant newts
  7 goblins
  7 jackals
  10 rats
83 creatures vanquished.

Vanquished Creatures (others)
  A scorpion (D:4)
1 creature vanquished.

Grand Total: 84 creatures vanquished

Notes
Turn   | Place    | Note
--------------------------------------------------------------
     0 | D:1      | tp1 the Deep Elf Conjurer began the quest for the Orb.
     0 | D:1      | Reached XP level 1. HP: 10/10 MP: 6/6
   115 | D:1      | Reached XP level 2. HP: 15/15 MP: 2/8
   466 | D:1      | Learned a level 2 spell: Searing Ray
   661 | D:1      | Reached XP level 3. HP: 19/19 MP: 7/11
   730 | D:1      | Reached skill level 5 in Spellcasting
   802 | D:1      | Learned a level 3 spell: Dazzling Spray
  1100 | D:2      | Found a stormy altar of Qazlal.
  1616 | D:2      | Reached XP level 4. HP: 24/24 MP: 4/13
  1711 | D:2      | Reached skill level 6 in Spellcasting
  1849 | D:2      | Found a stormy altar of Qazlal.
  3000 | D:3      | Reached skill level 5 in Conjurations
  3446 | D:3      | You fall through a shaft!
  3547 | D:4      | Reached XP level 5. HP: 28/28 MP: 10/15
  3662 | D:4      | Learned a level 5 spell: Iskenderun's Battlesphere
  3725 | D:4      | Noticed Natasha
  3728 | D:4      | Killed Natasha
  3924 | D:4      | Noticed Natasha
  3928 | D:4      | Killed Natasha
  3998 | D:4      | Noticed an ogre
  4004 | D:4      | Killed an ogre
  4004 | D:4      | Reached XP level 6. HP: 32/32 MP: 7/17
  4528 | D:5      | Entered Level 5 of the Dungeon
  4571 | D:5      | Found Qanocuw's Assorted Antiques.
  4631 | D:5      | Reached skill level 5 in Charms
  4687 | D:5      | Noticed Dowan
  4696 | D:5      | Noticed Duvessa
  4696 | D:5      | Killed Dowan
  4704 | D:5      | Mangled by Duvessa

Vault maps used:
D:1:      minmay_arrival_loop
D:2:      lemuel_coloured_pillars_altar, first_bread
D:3:      fountainhead
D:4:      lemuel_flame_loot_1, uniq_natasha
D:5:      serial_shops, shop_fountains, nemelex_spade_bored_becter, uniq_duvessa

Action                   |  1- 3 |  4- 6 || total
-------------------------+-------+-------++-------
Melee: Dagger            |    13 |     1 ||    14
 Cast: Magic Dart        |    86 |    65 ||   151
       Searing Ray       |     5 |     9 ||    14
       Dazzling Spray    |     4 |     5 ||     9
       Iskenderun's Batt |       |     4 ||     4
  Use: Scroll            |       |    10 ||    10
  Eat: Chunk             |     2 |     9 ||    11
       Meat ration       |       |     1 ||     1
